PR
TWINSBURG TIGERS @ LADUE RAMS
07/28/2042
 
TOP OF THE 1ST
Twinsburg Tigers batting - Pitching for Ladue Rams : LHP Bill Williams
Pitching: LHP Bill Williams
Batting: RHB António Martínez 0-0: Ground out 4-3 (Groundball, 34, EV 106.2 MPH)
Batting: RHB Roland Thomas 0-0: Ball
1-0: SINGLE (Groundball, 4MD, EV 99.4 MPH)
Batting: SHB Sherwin Tacod 0-0: Swinging Strike
0-1: Ball
1-1: Fielders Choice at 2nd, 4-6 (Groundball, 4M, EV 81.2 MPH)
Batting: RHB Art Hensley 0-0: Ball
Sherwin Tacod is caught stealing 2nd base 2-4
Top of the 1st over - 0 runs, 1 hit, 0 errors, 0 left on base; Twinsburg 0 - Ladue 0
BOTTOM OF THE 1ST
Ladue Rams batting - Pitching for Twinsburg Tigers : RHP Chor-min Kim
Pitching: RHP Chor-min Kim
Batting: RHB Nick Davis 0-0: Ball
1-0: Foul Ball, location: 2F
1-1: Foul Ball, location: 2F
1-2: Ball
2-2: Foul Ball, location: 2F
2-2: Foul Ball, location: 2F
2-2: Foul Ball, location: 2F
2-2: Ball
3-2: Base on Balls
Batting: RHB Gin-fan Chong 0-0: Called Strike
0-1: Ball
1-1: Called Strike
1-2: Ball
2-2: Grounds into double play, 5-4-3 (Groundball, 5, EV 108.1 MPH)
Batting: RHB Tangaloa Manaolana 0-0: Ball
1-0: Called Strike
1-1: SINGLE (Flyball, 9S, EV 83.8 MPH)
Batting: LHB Ruff McGruffin 0-0: Called Strike
0-1: Called Strike
0-2: Strikes out swinging
Bottom of the 1st over - 0 runs, 1 hit, 0 errors, 1 left on base; Twinsburg 0 - Ladue 0
TOP OF THE 2ND
Twinsburg Tigers batting - Pitching for Ladue Rams : LHP Bill Williams
Batting: RHB Art Hensley 0-0: Foul Ball, location: 2F
0-1: Ball
1-1: Swinging Strike
1-2: Ball
2-2: Foul Ball, location: 2F
2-2: DOUBLE (Flyball, 8RXD, EV 94.4 MPH)
Batting: RHB Keith Wilfred 0-0: Ball
1-0: Ball
Art Hensley steals 3rd base
2-0: Foul Ball, location: 2F
2-1: SINGLE (Groundball, 6MD, EV 105.0 MPH)
Art Hensley scores
Batting: LHB Ray Winters 0-0: Foul Ball, location: 2F
0-1: Foul Ball, location: 2F
0-2: Strikes out swinging
Batting: RHB Alex Kelley 0-0: Ball
1-0: SINGLE (Groundball, 6MD, EV 95.0 MPH)
Keith Wilfred to second
Batting: RHB Vicente Zanga 0-0: Ball
1-0: Ball
2-0: Ball
3-0: Called Strike
3-1: Foul Ball, location: 2F
3-2: Fly out, F7 (Flyball, 78M, EV 87.5 MPH)
Batting: RHB Kevin Pearce 0-0: Ball
1-0: Called Strike
1-1: SINGLE (Flyball, 4MD, EV 93.1 MPH)
Keith Wilfred to third
Alex Kelley to second
Runner from 3rd tries for Home, SAFE, throw by CF to home
Batting: RHB António Martínez 0-0: Ball
1-0: Ground out 1-3 (Groundball, 15S, EV 67.5 MPH)
Top of the 2nd over - 2 runs, 4 hits, 0 errors, 2 left on base; Twinsburg 2 - Ladue 0
BOTTOM OF THE 2ND
Ladue Rams batting - Pitching for Twinsburg Tigers : RHP Chor-min Kim
Batting: RHB Drew Rose 0-0: Ball
1-0: SINGLE (Line Drive, 56D, EV 100.0 MPH)
Batting: RHB Yuk Ye 0-0: Foul Ball, location: 2F
0-1: Called Strike
0-2: Foul Ball, location: 2F
0-2: Ball
1-2: Ball
2-2: Foul Ball, location: 2F
2-2: SINGLE (Line Drive, 7S, EV 112.5 MPH)
Drew Rose to second
Batting: LHB Jermaine Tuttle 0-0: Ball
1-0: Ball
2-0: Ball
3-0: Called Strike
3-1: Fly out, F8 (Flyball, 8LS, EV 88.8 MPH)
Batting: SHB Tom Lenehan 0-0: Called Strike
0-1: Ball
1-1: Swinging Strike
1-2: SINGLE (Line Drive, 34D, EV 106.2 MPH)
Drew Rose to third
Yuk Ye to second
Batting: LHB Guillermo Valverde 0-0: Foul Ball, location: 2F
0-1: Ball
1-1: Ball
2-1: Ball
3-1: Foul Ball, location: 2F
3-2: Fielders Choice at 2nd, 3-6 (Groundball, 3, EV 105.0 MPH)
Drew Rose scores
Yuk Ye to third
Batting: RHB Nick Davis 0-0: Ball
1-0: Reached on error, E5 (Groundball, 56S, EV 80.0 MPH)
Yuk Ye scores
Guillermo Valverde to second
Batting: RHB Gin-fan Chong 0-0: Called Strike
0-1: Ball
1-1: SINGLE (Line Drive, 6D, EV 107.5 MPH)
Guillermo Valverde to third
Nick Davis to second
Batting: RHB Tangaloa Manaolana 0-0: Fly out, F8 (Flyball, 8LS, EV 84.4 MPH)
Bottom of the 2nd over - 2 runs, 4 hits, 1 error, 3 left on base; Twinsburg 2 - Ladue 2
TOP OF THE 3RD
Twinsburg Tigers batting - Pitching for Ladue Rams : LHP Bill Williams
Batting: RHB Roland Thomas 0-0: Ball
1-0: Foul Ball, location: 2F
1-1: Ball
2-1: TRIPLE (Line Drive, 89XD, EV 100.0 MPH)
Batting: SHB Sherwin Tacod 0-0: Ball
1-0: Ground out 1-3 (Groundball, P, EV 88.1 MPH)
Batting: RHB Art Hensley 0-0: Called Strike
0-1: Swinging Strike
0-2: Foul Ball, location: 2F
0-2: Ball
1-2: Ball
2-2: Ball
3-2: Fly out, F9 (Flyball, 9S, EV 95.0 MPH)
Batting: RHB Keith Wilfred 0-0: Called Strike
0-1: Ball
Wild Pitch!
Roland Thomas scores
1-1: Ball
2-1: Foul Ball, location: 2F
2-2: Foul Ball, location: 2F
2-2: SINGLE (Groundball, 5L, EV 105.0 MPH)
Batting: LHB Ray Winters 0-0: Foul Ball, location: 2F
0-1: Called Strike
0-2: Ball
1-2: SINGLE (Line Drive, 89S, EV 111.9 MPH)
Keith Wilfred to second
Batting: RHB Alex Kelley 0-0: Ball
1-0: Ball
2-0: Called Strike
2-1: Ball
3-1: Base on Balls
Keith Wilfred to third
Ray Winters to second
Batting: RHB Vicente Zanga 0-0: Ball
1-0: SINGLE (Flyball, 89S, EV 96.9 MPH)
Keith Wilfred scores
Ray Winters to third
Alex Kelley to second
Runner from 3rd tries for Home, SAFE, no throw by RF
Batting: RHB Kevin Pearce 0-0: Ball
1-0: Fly out, F8 (Flyball, 89S, EV 86.9 MPH)
Top of the 3rd over - 3 runs, 4 hits, 0 errors, 2 left on base; Twinsburg 5 - Ladue 2
BOTTOM OF THE 3RD
Ladue Rams batting - Pitching for Twinsburg Tigers : RHP Chor-min Kim
Batting: LHB Ruff McGruffin 0-0: Ball
1-0: Called Strike
1-1: Ball
2-1: Ball
3-1: Base on Balls
Batting: RHB Drew Rose 0-0: Foul Ball, location: 2F
0-1: Ball
1-1: Swinging Strike
1-2: DOUBLE (Flyball, 78XD, EV 92.5 MPH)
Ruff McGruffin to third
Batting: RHB Yuk Ye 0-0: Ball
1-0: Ball
2-0: Ball
3-0: Base on Balls
Batting: LHB Jermaine Tuttle 0-0: Ball
1-0: Ball
2-0: Ball
3-0: Called Strike
3-1: Fly out, F9 (Flyball, 9, EV 83.8 MPH)
Runner from 3rd tags up, SCORES, throw by RF
Drew Rose to third
Batting: SHB Tom Lenehan 0-0: Ball
1-0: Swinging Strike
1-1: Swinging Strike
1-2: Strikes out swinging
Batting: LHB Guillermo Valverde 0-0: Ball
1-0: Ball
2-0: Ball
3-0: Called Strike
3-1: Base on Balls
Yuk Ye to second
Batting: RHB Nick Davis 0-0: Foul Ball, location: 2F
0-1: Fly out, F4 (Line Drive, 4, EV 65.6 MPH)
Bottom of the 3rd over - 1 run, 1 hit, 0 errors, 3 left on base; Twinsburg 5 - Ladue 3
TOP OF THE 4TH
Twinsburg Tigers batting - Pitching for Ladue Rams : LHP Bill Williams
Batting: RHB António Martínez 0-0: Foul Ball, location: 2F
0-1: Ball
1-1: Called Strike
1-2: Ground out 4-3 (Groundball, 34, EV 89.4 MPH)
Batting: RHB Roland Thomas 0-0: Called Strike
0-1: SINGLE (Groundball, 56D, EV 99.4 MPH)
Batting: SHB Sherwin Tacod 0-0: Called Strike
0-1: Grounds into double play, 6-4-3 (Groundball, 6, EV 108.8 MPH)
Top of the 4th over - 0 runs, 1 hit, 0 errors, 0 left on base; Twinsburg 5 - Ladue 3
BOTTOM OF THE 4TH
Ladue Rams batting - Pitching for Twinsburg Tigers : RHP Chor-min Kim
Batting: RHB Gin-fan Chong 0-0: Ball
1-0: Called Strike
1-1: Ball
2-1: Called Strike
2-2: Strikes out swinging
Batting: RHB Tangaloa Manaolana 0-0: Foul Ball, location: 2F
0-1: Ball
1-1: Swinging Strike
1-2: Ball
2-2: Fly out, F8 (Flyball, 78XD, EV 93.1 MPH)
Batting: LHB Ruff McGruffin 0-0: Ball
1-0: Called Strike
1-1: Ball
2-1: Foul Ball, location: 2F
2-2: Fly out, F8 (Flyball, 78D, EV 93.8 MPH)
Bottom of the 4th over - 0 runs, 0 hits, 0 errors, 0 left on base; Twinsburg 5 - Ladue 3
TOP OF THE 5TH
Twinsburg Tigers batting - Pitching for Ladue Rams : LHP Bill Williams
Batting: RHB Art Hensley 0-0: Ball
1-0: Ball
2-0: Ball
3-0: Base on Balls
Batting: RHB Keith Wilfred 0-0: Ball
1-0: SINGLE (Groundball, 4D, EV 106.2 MPH)
Art Hensley to second
Runner from 2nd tries for 3rd, SAFE, no throw by CF
Batting: LHB Ray Winters 0-0: Called Strike
0-1: Ball
1-1: Fly out, F8 (Flyball, 8LD, EV 83.1 MPH)
Runner from 3rd tags up, SCORES, throw by CF
Pitching: LHP Chaz Thomas
Batting: RHB Alex Kelley 0-0: Called Strike
0-1: DOUBLE (Flyball, 89D, EV 106.2 MPH)
Keith Wilfred to third
Batting: RHB Vicente Zanga 0-0: Fly out, F6 (Flyball, 56D, EV 88.1 MPH)
Batting: RHB Kevin Pearce 0-0: Swinging Strike
0-1: Ball
1-1: Called Strike
1-2: Strikes out looking
Top of the 5th over - 1 run, 2 hits, 0 errors, 2 left on base; Twinsburg 6 - Ladue 3
BOTTOM OF THE 5TH
Ladue Rams batting - Pitching for Twinsburg Tigers : RHP Chor-min Kim
Batting: RHB Drew Rose 0-0: Foul Ball, location: 2F
0-1: Foul Ball, location: 2F
0-2: Ball
1-2: Strikes out looking
Batting: RHB Yuk Ye 0-0: Called Strike
0-1: Ball
1-1: Swinging Strike
1-2: Foul Ball, location: 2F
1-2: Fly out, F8 (Flyball, 89D, EV 104.4 MPH)
Batting: LHB Jermaine Tuttle 0-0: Called Strike
0-1: Ball
1-1: Ground out 4-3 (Groundball, 4S, EV 70.6 MPH)
Bottom of the 5th over - 0 runs, 0 hits, 0 errors, 0 left on base; Twinsburg 6 - Ladue 3
TOP OF THE 6TH
Twinsburg Tigers batting - Pitching for Ladue Rams : LHP Chaz Thomas
Batting: RHB António Martínez 0-0: Ball
1-0: Swinging Strike
1-1: Swinging Strike
1-2: Strikes out swinging
Batting: RHB Roland Thomas 0-0: Ball
1-0: Called Strike
1-1: Ball
2-1: Foul Ball, location: 2F
2-2: Strikes out looking
Batting: SHB Sherwin Tacod 0-0: Swinging Strike
0-1: Ball
1-1: Foul Ball, location: 2F
1-2: Ball
2-2: Strikes out swinging
Top of the 6th over - 0 runs, 0 hits, 0 errors, 0 left on base; Twinsburg 6 - Ladue 3
BOTTOM OF THE 6TH
Ladue Rams batting - Pitching for Twinsburg Tigers : RHP Chor-min Kim
Pitching: RHP Ming-hoa Ngui
Batting: SHB Tom Lenehan 0-0: Ball
1-0: Ball
2-0: Foul Ball, location: 2F
2-1: Ground out U3 (Groundball, 34, EV 86.9 MPH)
Batting: LHB Guillermo Valverde 0-0: Called Strike
0-1: Foul Ball, location: 2F
0-2: Foul Ball, location: 2F
0-2: SINGLE (Groundball, 34, EV 78.8 MPH) (infield hit)
Batting: RHB Nick Davis 0-0: Called Strike
0-1: SINGLE (Flyball, 9LS, EV 91.9 MPH)
Guillermo Valverde to second
Runner from 2nd tries for 3rd, SAFE, throw by RF made to third
Batting: RHB Gin-fan Chong 0-0: Ball
Nick Davis steals 2nd base
1-0: Called Strike
1-1: Ball
2-1: Fly out, F4 (Line Drive, 4, EV 66.2 MPH)
Batting: RHB Tangaloa Manaolana 0-0: Called Strike
0-1: Ball
1-1: Swinging Strike
1-2: DOUBLE (Groundball, 5L, EV 99.4 MPH)
Guillermo Valverde scores
Nick Davis scores
Batting: LHB Ruff McGruffin 0-0: Ball
1-0: Ball
2-0: Foul Ball, location: 2F
2-1: SINGLE (Flyball, 7LS, EV 92.5 MPH)
Tangaloa Manaolana to third
Runner from 3rd tries for Home, SAFE, no throw by LF
Batting: RHB Drew Rose 0-0: Called Strike
0-1: Foul Ball, location: 2F
0-2: Ball
1-2: Ball
2-2: Ball
3-2: SINGLE (Line Drive, 56, EV 103.1 MPH)
Ruff McGruffin to second
Ruff McGruffin to third
Batting: RHB Yuk Ye 0-0: Foul Ball, location: 2F
0-1: Ball
1-1: Ground out 5-3 (Groundball, 5S, EV 91.2 MPH)
Bottom of the 6th over - 3 runs, 5 hits, 0 errors, 2 left on base; Twinsburg 6 - Ladue 6
TOP OF THE 7TH
Twinsburg Tigers batting - Pitching for Ladue Rams : LHP Chaz Thomas
Batting: RHB Art Hensley 0-0: Ball
1-0: Ball
2-0: Foul Ball, location: 2F
2-1: Ball
3-1: Called Strike
3-2: Base on Balls
Batting: RHB Keith Wilfred 0-0: Swinging Strike
0-1: Called Strike
0-2: Ball
1-2: Strikes out looking
Batting: LHB Ray Winters 0-0: Ball
1-0: Ball
2-0: Called Strike
2-1: Fly out, F5 (Popup, 5F, EV 66.2 MPH)
Batting: RHB Alex Kelley 0-0: Ball
1-0: Called Strike
1-1: Ground out 1-3 (Groundball, 13, EV 63.1 MPH)
Top of the 7th over - 0 runs, 0 hits, 0 errors, 1 left on base; Twinsburg 6 - Ladue 6
BOTTOM OF THE 7TH
Ladue Rams batting - Pitching for Twinsburg Tigers : RHP Ming-hoa Ngui
Pitching: LHP Steve Dimond
Batting: LHB Jermaine Tuttle 0-0: Called Strike
0-1: Ground out 5-3 (Groundball, 56S, EV 63.1 MPH)
Batting: SHB Tom Lenehan 0-0: Ball
1-0: Ball
2-0: Ball
3-0: Called Strike
3-1: Base on Balls
Batting: LHB Guillermo Valverde 0-0: Ball
1-0: Fly out, F7 (Flyball, 7, EV 75.6 MPH)
Batting: RHB Nick Davis 0-0: Foul Ball, location: 2F
0-1: Foul Ball, location: 2F
0-2: Ball
1-2: Ball
2-2: SINGLE (Groundball, 6MD, EV 95.6 MPH)
Tom Lenehan to second
Runner from 2nd tries for 3rd, SAFE, no throw by CF
Batting: RHB Gin-fan Chong 0-0: Fly out, F4 (Popup, 4, EV 51.9 MPH)
Bottom of the 7th over - 0 runs, 1 hit, 0 errors, 2 left on base; Twinsburg 6 - Ladue 6
TOP OF THE 8TH
Twinsburg Tigers batting - Pitching for Ladue Rams : LHP Chaz Thomas
Batting: RHB Vicente Zanga 0-0: Called Strike
0-1: Swinging Strike
0-2: Foul Ball, location: 2F
0-2: Strikes out swinging
Batting: RHB Kevin Pearce 0-0: Foul Ball, location: 2F
0-1: Ball
1-1: Ball
2-1: Foul Ball, location: 2F
2-2: Strikes out swinging
Batting: RHB António Martínez 0-0: Called Strike
0-1: Ball
1-1: Called Strike
1-2: Fly out, F4 (Popup, 34, EV 61.9 MPH)
Top of the 8th over - 0 runs, 0 hits, 0 errors, 0 left on base; Twinsburg 6 - Ladue 6
BOTTOM OF THE 8TH
Ladue Rams batting - Pitching for Twinsburg Tigers : LHP Steve Dimond
Batting: RHB Tangaloa Manaolana 0-0: Ball
1-0: Ball
2-0: Fly out, F8 (Line Drive, 8RD, EV 94.4 MPH)
Batting: LHB Ruff McGruffin 0-0: Ground out U3 (Groundball, 3, EV 90.6 MPH)
Batting: RHB Drew Rose 0-0: Fly out, F7 (Flyball, 7D, EV 82.5 MPH)
Bottom of the 8th over - 0 runs, 0 hits, 0 errors, 0 left on base; Twinsburg 6 - Ladue 6
TOP OF THE 9TH
Twinsburg Tigers batting - Pitching for Ladue Rams : LHP Chaz Thomas
Batting: RHB Roland Thomas 0-0: Foul Ball, location: 2F
0-1: Swinging Strike
0-2: Ball
1-2: Ball
2-2: Strikes out swinging
Batting: SHB Sherwin Tacod 0-0: Foul Ball, location: 2F
0-1: Called Strike
0-2: Foul Ball, location: 2F
0-2: Ball
1-2: Foul Ball, location: 2F
1-2: Foul Ball, location: 2F
1-2: Ball
2-2: Ball
3-2: Foul Ball, location: 2F
3-2: Foul Ball, location: 2F
3-2: Ground out 5-3 (Groundball, 5, EV 80.0 MPH)
Batting: RHB Art Hensley 0-0: Ball
1-0: Ball
2-0: Foul Ball, location: 2F
2-1: Swinging Strike
2-2: Foul Ball, location: 2F
2-2: Strikes out swinging
Top of the 9th over - 0 runs, 0 hits, 0 errors, 0 left on base; Twinsburg 6 - Ladue 6
BOTTOM OF THE 9TH
Ladue Rams batting - Pitching for Twinsburg Tigers : LHP Steve Dimond
Pitching: RHP Raúl Nieves
Batting: RHB Yuk Ye 0-0: Called Strike
0-1: Ground out 3-1 (Groundball, 34, EV 85.0 MPH)
Batting: LHB Jermaine Tuttle 0-0: Ball
1-0: Ball
2-0: Ground out 6-3 (Groundball, 6, EV 90.0 MPH)
Pinch Hitting: RHB Melvin Todd 0-0: Ball
1-0: Swinging Strike
1-1: Swinging Strike
1-2: Strikes out looking
Bottom of the 9th over - 0 runs, 0 hits, 0 errors, 0 left on base; Twinsburg 6 - Ladue 6
TOP OF THE 10TH
Twinsburg Tigers batting - Pitching for Ladue Rams : LHP Chaz Thomas
Pitching: LHP Albert Crawford
Now in LF: Norberto Pacheco
Batting: RHB Keith Wilfred 0-0: SINGLE (Line Drive, 9S, EV 100.0 MPH)
Batting: LHB Ray Winters 0-0: Ball
Wild Pitch!
Keith Wilfred to second
1-0: SINGLE (Groundball, 5S, EV 66.2 MPH) (infield hit)
Keith Wilfred to third
Batting: RHB Alex Kelley 0-0: Called Strike
0-1: Swinging Strike
0-2: Strikes out looking
Batting: RHB Vicente Zanga 0-0: Ball
1-0: Ball
2-0: Ball
3-0: Called Strike
3-1: Grounds into double play, 6-4-3 (Groundball, 56, EV 101.9 MPH)
Top of the 10th over - 0 runs, 2 hits, 0 errors, 1 left on base; Twinsburg 6 - Ladue 6
BOTTOM OF THE 10TH
Ladue Rams batting - Pitching for Twinsburg Tigers : RHP Raúl Nieves
Batting: LHB Guillermo Valverde 0-0: Ball
1-0: Fly out, F7 (Flyball, 7S, EV 78.1 MPH)
Batting: RHB Nick Davis 0-0: Ball
1-0: Called Strike
1-1: Foul Ball, location: 2F
1-2: Ball
2-2: Foul Ball, location: 2F
2-2: Foul Ball, location: 2F
2-2: Ball
3-2: Strikes out looking
Batting: RHB Gin-fan Chong 0-0: Called Strike
0-1: Ball
1-1: Foul Ball, location: 2F
1-2: Ball
2-2: Foul Ball, location: 2F
2-2: Strikes out looking
Bottom of the 10th over - 0 runs, 0 hits, 0 errors, 0 left on base; Twinsburg 6 - Ladue 6
TOP OF THE 11TH
Twinsburg Tigers batting - Pitching for Ladue Rams : LHP Albert Crawford
Pinch Hitting: LHB Rommel Fflunker 0-0: Ball
1-0: Ball
2-0: Called Strike
2-1: Swinging Strike
2-2: Ball
3-2: Strikes out looking
Batting: RHB António Martínez 0-0: Ball
1-0: Foul Ball, location: 2F
1-1: Fly out, F7 (Line Drive, 7, EV 86.9 MPH)
Batting: RHB Roland Thomas 0-0: Called Strike
0-1: Ball
1-1: Ball
2-1: Fly out, F9 (Flyball, 89M, EV 85.6 MPH)
Top of the 11th over - 0 runs, 0 hits, 0 errors, 0 left on base; Twinsburg 6 - Ladue 6
BOTTOM OF THE 11TH
Ladue Rams batting - Pitching for Twinsburg Tigers : RHP Raúl Nieves
Now at 3B: Tim Davis
Batting: RHB Tangaloa Manaolana 0-0: Ball
1-0: Ball
2-0: Called Strike
2-1: SINGLE (Line Drive, 6M, EV 95.6 MPH)
Batting: LHB Ruff McGruffin 0-0: Called Strike
0-1: Swinging Strike
0-2: Strikes out swinging
Batting: RHB Drew Rose 0-0: Ball
1-0: Ball
2-0: Foul Ball, location: 2F
2-1: Swinging Strike
2-2: Foul Ball, location: 2F
2-2: Strikes out swinging
Batting: RHB Yuk Ye 0-0: Ball
1-0: Ball
2-0: Foul Ball, location: 2F
2-1: Foul Ball, location: 2F
2-2: Ball
3-2: Foul Ball, location: 2F
3-2: Base on Balls
Tangaloa Manaolana to second
Batting: LHB Jermaine Tuttle 0-0: Foul Ball, location: 2F
0-1: Foul Ball, location: 2F
0-2: Foul Ball, location: 2F
0-2: Foul Ball, location: 2F
0-2: Strikes out swinging
Bottom of the 11th over - 0 runs, 1 hit, 0 errors, 2 left on base; Twinsburg 6 - Ladue 6
TOP OF THE 12TH
Twinsburg Tigers batting - Pitching for Ladue Rams : LHP Albert Crawford
Pitching: RHP Ramón Echevarría
Batting: SHB Sherwin Tacod 0-0: Ball
1-0: Foul Ball, location: 2F
1-1: Called Strike
1-2: Ball
2-2: Foul Ball, location: 2F
2-2: Fly out, F8 (Flyball, 78D, EV 103.1 MPH)
Batting: RHB Art Hensley 0-0: Foul Ball, location: 2F
0-1: Swinging Strike
0-2: Ball
1-2: Reached on error, E4 (Groundball, 34, EV 105.6 MPH)
Pinch Hitting: LHB Bill Wilson 0-0: Intentional Walk
Batting: LHB Ray Winters 0-0: Ball
1-0: Ball
2-0: Foul Ball, location: 2F
2-1: Called Strike
2-2: Fly out, F8 (Flyball, 8LD, EV 82.5 MPH)
Runner from 2nd tags up, SAFE at 3rd with throw by CF
Pinch Hitting: LHB Ole Geenen 0-0: Ball
1-0: Ball
2-0: Ball
3-0: Called Strike
3-1: Foul Ball, location: 2F
3-2: Foul Ball, location: 2F
3-2: Strikes out looking
Top of the 12th over - 0 runs, 0 hits, 1 error, 2 left on base; Twinsburg 6 - Ladue 6
BOTTOM OF THE 12TH
Ladue Rams batting - Pitching for Twinsburg Tigers : RHP Raúl Nieves
Now at C: Félix Orosco
Now in RF: Bill Wilson
Batting: LHB Norberto Pacheco 0-0: Ball
1-0: Ball
2-0: Ball
3-0: Base on Balls
Batting: LHB Guillermo Valverde 0-0: Called Strike
0-1: Called Strike
0-2: Ball
1-2: Ball
2-2: Ball
3-2: Strikes out looking
Batting: RHB Nick Davis 0-0: Fly out, F8 (Flyball, 8LS, EV 80.0 MPH)
Batting: RHB Gin-fan Chong 0-0: Ball
1-0: Swinging Strike
1-1: Ball
2-1: Swinging Strike
2-2: Strikes out swinging
Bottom of the 12th over - 0 runs, 0 hits, 0 errors, 1 left on base; Twinsburg 6 - Ladue 6
TOP OF THE 13TH
Twinsburg Tigers batting - Pitching for Ladue Rams : RHP Ramón Echevarría
Batting: RHB Vicente Zanga 0-0: Ball
1-0: Foul Ball, location: 2F
1-1: Called Strike
1-2: Foul Ball, location: 2F
1-2: Strikes out swinging
Pinch Hitting: RHB Aaron Carter 0-0: Foul Ball, location: 2F
0-1: Called Strike
0-2: Fly out, F9 (Flyball, 89M, EV 75.6 MPH)
Pinch Hitting: LHB Joe Jackson 0-0: Ball
1-0: Ball
2-0: Called Strike
2-1: Ground out 1-3 (Groundball, 34S, EV 73.8 MPH)
Top of the 13th over - 0 runs, 0 hits, 0 errors, 0 left on base; Twinsburg 6 - Ladue 6
BOTTOM OF THE 13TH
Ladue Rams batting - Pitching for Twinsburg Tigers : RHP Raúl Nieves
Pitching: RHP Emery William
Now at 3B: Keith Garner
Now in CF: Ernie Lewis
Batting: RHB Tangaloa Manaolana 0-0: Ball
1-0: Swinging Strike
1-1: Called Strike
1-2: Ball
2-2: Ground out 5-3 (Groundball, 56, EV 81.2 MPH)
Batting: LHB Ruff McGruffin 0-0: Foul Ball, location: 2F
0-1: SINGLE (Groundball, 34D, EV 95.0 MPH)
Batting: RHB Drew Rose 0-0: Called Strike
0-1: Foul Ball, location: 2F
0-2: Strikes out swinging
Batting: RHB Yuk Ye 0-0: Ball
1-0: Called Strike
1-1: Foul Ball, location: 2F
1-2: Ball
2-2: Foul Ball, location: 2F
2-2: Fielders Choice at 2nd, 6-4 (Groundball, 56D, EV 81.2 MPH)
Bottom of the 13th over - 0 runs, 1 hit, 0 errors, 1 left on base; Twinsburg 6 - Ladue 6
TOP OF THE 14TH
Twinsburg Tigers batting - Pitching for Ladue Rams : RHP Ramón Echevarría
Pitching: RHP Michael MacGregor
Batting: RHB Roland Thomas 0-0: Foul Ball, location: 2F
0-1: Ball
1-1: Ground out 5-3 (Groundball, 56, EV 105.6 MPH)
Batting: SHB Sherwin Tacod 0-0: Called Strike
0-1: Ball
1-1: SINGLE (Line Drive, 4D, EV 101.2 MPH)
Batting: RHB Art Hensley 0-0: Ball
1-0: Called Strike
1-1: Foul Ball, location: 2F
1-2: Strikes out swinging
Batting: LHB Bill Wilson 0-0: Ball
1-0: Foul Ball, location: 2F
1-1: Ball
2-1: Foul Ball, location: 2F
2-2: Ball
Passed Ball!
Sherwin Tacod to second
3-2: Intentional Walk
Batting: LHB Ray Winters 0-0: Foul Ball, location: 2F
0-1: Ball
1-1: Foul Ball, location: 2F
1-2: Foul Ball, location: 2F
1-2: SINGLE (Groundball, 4MD, EV 98.8 MPH)
Sherwin Tacod to third
Bill Wilson to second
Runner from 3rd tries for Home, throw by CF and OUT! 8-2
Top of the 14th over - 0 runs, 2 hits, 0 errors, 2 left on base; Twinsburg 6 - Ladue 6
BOTTOM OF THE 14TH
Ladue Rams batting - Pitching for Twinsburg Tigers : RHP Emery William
Batting: LHB Jermaine Tuttle 0-0: Ball
1-0: Ball
2-0: Called Strike
2-1: Foul Ball, location: 2F
2-2: Strikes out swinging
Batting: LHB Norberto Pacheco 0-0: Swinging Strike
0-1: Foul Ball, location: 2F
0-2: Ball
1-2: Foul Ball, location: 2F
1-2: Ball
2-2: Foul Ball, location: 2F
2-2: Fly out, F9 (Flyball, 89D, EV 103.1 MPH)
Batting: LHB Guillermo Valverde 0-0: Ball
1-0: Foul Ball, location: 2F
1-1: Ball
2-1: Foul Ball, location: 2F
2-2: Foul Ball, location: 2F
2-2: Ball
3-2: Foul Ball, location: 2F
3-2: Base on Balls
Batting: RHB Nick Davis 0-0: Called Strike
0-1: Foul Ball, location: 2F
0-2: Ball
1-2: Foul Ball, location: 2F
1-2: Ball
2-2: Ball
3-2: Base on Balls
Guillermo Valverde to second
Batting: RHB Gin-fan Chong 0-0: Ball
1-0: SINGLE (Groundball, 4D, EV 102.5 MPH)
Guillermo Valverde to third
Nick Davis to second
Runner from 3rd tries for Home, SAFE, throw by CF to home
Friday, March 26th, 2021 - OOTP Baseball 20.8 Build 74